 Dungeon Crawl Stone Soup version 0.31.0-32-g396128a36d (webtiles) character file.

Game seed: 9030474751971484776

5389 mainiacjoe the Destroyer (level 10, -12/63 HPs)
             Began as an Octopode Conjurer on Mar 31, 2024.
             Was a Follower of Sif Muna.
             Mangled by a wyvern (20 damage)
             ... on level 8 of the Dungeon.
             The game lasted 00:31:38 (10730 turns).

mainiacjoe the Destroyer (Octopode Conjurer)       Turns: 10730, Time: 00:31:38

Health: -12/63     AC:  1    Str:  6    XL:     10   Next: 66%
Magic:  2/16       EV: 13    Int: 25    God:    Sif Muna [*.....]
Gold:   528        SH:  7    Dex: 11    Spells: 0/17 levels left

rFire   . . .        a - +8 whip "Snakebite" {venom, curare, rPois, =F}
rCold   . . .        n - +2 buckler
rNeg    . . .        (helmet restricted)
rPois   +            b - amulet of the acrobat
rElec   .            (no ring)
rCorr   .            (no ring)
SInv    .            (no ring)
Will    .....        (no ring)
Stlth   +++          (no ring)
HPRegen 0.30/turn    (no ring)
MPRegen 0.15/turn    (no ring)
                     (no ring)

%: acrobat
@: no status effects
A: almost no armour, amphibious, 8 rings, camouflage 1, gelatinous body 1,
(nimble swimmer 1), tentacles
a: Renounce Religion, Channel Magic


You were on level 8 of the Dungeon.
You worshipped Sif Muna.
Sif Muna was aware of your devotion.
You visited 2 branches of the dungeon, and saw 9 of its levels.
You also visited: Sewer.

You collected 528 gold pieces.

Inventory:

Hand Weapons
 a - the +8 whip "Snakebite" (weapon) {venom, curare, rPois, =F}
   (You found it on level 2 of the Dungeon)

   rPois:     It protects you from poison
 D - a -1 demon whip of venom
Missiles
 f - 57 stones
 k - 5 boomerangs
 p - 20 poisoned darts
 w - a curare-tipped dart {=F}
Armour
 n - a +2 buckler (worn)
Jewellery
 b - an amulet of the acrobat (around mantle)
Wands
 i - a wand of roots (7)
 x - a wand of flame (19)
 z - a wand of quicksilver (9)
 B - a wand of polymorph (4)
Scrolls
 e - a scroll of identify
 o - a scroll of amnesia
 r - a scroll of fog
 s - a scroll of poison
 t - 3 scrolls of teleportation
 u - 3 scrolls of blinking
 v - 4 scrolls of revelation
 y - a scroll of fear
 C - a scroll of silence
Potions
 c - a potion of magic
 d - 8 potions of enlightenment
 g - a potion of brilliance
 h - a potion of lignification
 j - 3 potions of might
 l - 5 potions of curing
 q - 2 potions of heal wounds


   Skills:
 + Level 3.6 Fighting
 - Level 2.0 Maces & Flails
 + Level 4.2 Dodging
 - Level 2.6 Stealth
 - Level 5.0 Shields
 - Level 4.0 Spellcasting
 - Level 10.0 Conjurations
 - Level 6.0 Translocations
 - Level 6.0 Alchemy
 + Level 3.8 Invocations


You couldn't memorise any spells.
You knew the following spells:

 Your Spells              Type           Power      Damage    Failure   Level
a - Magic Dart            Conj           100%       1d8       1%          1
b - Searing Ray           Conj           100%       2d8       1%          2
c - Iskenderun's Mystic   Conj/Tloc      45%        2d10      5%          4
d - Fulminant Prism       Conj/Alch      22%        3d12      5%          4
e - Teleport Other        Tloc           35%        N/A       3%          3
f - Mephitic Cloud        Conj/Alch/Air  31%        N/A       4%          3

Your spell library contained the following spells:

 Spells                   Type           Power      Damage    Failure   Level
 Gell's Gravitas          Tloc           35%        N/A       3%          3
 Mercury Vapours          Alch/Air       40%        N/A       6%          2
 Freezing Cloud           Conj/Ice/Air   10%        6-21      71%         5
 Summon Blazeheart Golem  Fire/Summ      5%         N/A       82%         4
 Dispersal                Tloc           17%        N/A       88%         6
 Orb of Destruction       Conj           26%        9d9       90%         7
 Spellforged Servitor     Conj/Summ      15%        N/A       100%        7


Dungeon Overview and Level Annotations

Branches:
Dungeon (8/15)             Temple (1/1) D:7           Sewer (visited)
   Lair: D:8-11

Altars:
Ashenzari
Cheibriados
Dithmenos
Elyvilon
Fedhas
Gozag
Hepliaklqana
Kikubaaqudgha
Makhleb
Nemelex Xobeh
Okawaru
Qazlal
Ru
Sif Muna
Trog
Uskayaw
Vehumet
Wu Jian
Xom
Yredelemnul
Zin
The Shining One

Annotations:
D:2 1 runed translucent door, Crazy Yiuf
D:3 exclusion: door
D:7 exclusion: 2 doors, Joseph


Innate Abilities, Weirdness & Mutations

You cannot wear most types of armour.
You are amphibious.
You can wear up to eight rings at the same time.
Your skin changes colour to match your surroundings (Stealth+).
Your rubbery body absorbs attacks. (AC +1, EV +1)
((You are camouflaged when in or above water. (Stealth+)))
You have tentacles for arms and can constrict up to eight enemies at once.


Message History

The orc wizard is moderately wounded.
You constrict the orc wizard, but do no damage.
The orc hits you with a +0 dagger. You block the orc wizard's attack.
You hit the orc wizard. You squeeze the orc wizard.
The orc wizard is almost dead.
You constrict the orc wizard, but do no damage.
You kill the orc wizard!
Sif Muna accepts your kill. You block the orc's attack.
The orc closely misses you.
You whack the orc!
You kill the orc!
Sif Muna accepts your kill. You block the orc's attack.
You barely miss the orc.
The wyvern hisses angrily.
You grab the orc. You squeeze the orc, but do no damage. You constrict the orc.
The wyvern bites you. The orc hits you with a +0 dagger.
You hit the orc but do no damage.
The orc is poisoned.
The orc looks as sick as possible!
The orc struggles to breathe.
You kill the orc!
Sif Muna accepts your kill. The wyvern bites you.
You hit the wyvern.
The wyvern is poisoned.
The wyvern is lightly wounded.
The wyvern closely misses you. The wyvern bites you!
You whack the wyvern!
The wyvern looks as sick as possible!
The wyvern is heavily wounded.
The wyvern bites you. x2
Casting: Magic Dart (safe; 1% risk of failure)
Confirm with . or Enter, or press ? or * to list all spells.
Aiming: Searing Ray (safe; 1% risk of failure)
Press: ? - help, Shift-Dir - straight line, f - wyvern
Aim: a wyvern (83% to hit)
The searing ray hits the wyvern!
The wyvern is heavily wounded. (Press . to maintain the ray.)
The wyvern bites you!
* * * LOW HITPOINT WARNING * * *
The wyvern bites you!!
You die...

##########
#........#
#.######.# ##
##.######.##.#####
#................##
#..)...............
#..######.#.k......
######..#
#.#@k###.##
.>......#
#.#))......
######..#
#.#..###... #
##..######.#..# . #
#.............. #
#.............#.
#####..#####..##.###
...##...# . #.#
...##...##


You could see 2 wyverns.

Vanquished Creatures
  Amaemon (D:8)
  An orange demon (D:8)
  Psyche (D:8)
  A shadow (D:7)
  3 wyverns (D:8)
  A basilisk (D:8)
  2 steam dragons (D:7)
  A vampire mosquito (D:8)
  Edmund (D:5)
  3 water moccasins
  A black bear (D:5)
  An orc warrior (D:8)
  A sky beast (D:7)
  An ogre (D:4)
  4 centaurs (D:7)
  A phantom (D:6)
  2 kobold brigands
  7 bullfrogs
  2 brain worms (Sewer)
  A scorpion (D:6)
  A wight (D:6)
  6 killer bees (D:8)
  A bombardier beetle (D:6)
  3 gnoll boudas
  3 hounds
  An orc priest (D:8)
  3 jellies
  3 iguanas (D:5)
  Jessica (D:3)
  Natasha (thrice) (D:2)
  Ijyb (D:4)
  2 orc wizards (D:8)
  6 gnolls
  13 adders
  4 river rats
  A shadow imp (D:6)
  2 white imps
  A dart slug (D:1)
  2 ribbon worms
  18 orcs
  6 ball pythons
  3 bats
  6 endoplasms
  3 giant cockroaches
  11 goblins
  5 hobgoblins
  A jackal (Sewer)
  12 kobolds
  6 quokkas
  10 frilled lizards
  8 rats
182 creatures vanquished.

Vanquished Creatures (others)
  10 fulminant prisms
10 creatures vanquished.

Grand Total: 192 creatures vanquished

Notes
Turn   | Place    | Note
-------+----------+-------------------------------------------
     0 | D:1      | mainiacjoe the Octopode Conjurer began the quest for the
                  | Orb.
     0 | D:1      | Reached XP level 1. HP: 11/11 MP: 3/3
   205 | D:1      | Reached XP level 2. HP: 17/17 MP: 3/5
   208 | D:1      | Learned a level 2 spell: Searing Ray
   784 | D:1      | Reached skill level 1 in Translocations
   930 | D:1      | Reached XP level 3. HP: 21/21 MP: 3/6
  1315 | D:2      | Identified the +0 leather armour of the Thinker {Rampage
                  | Stlth+}
  1667 | D:2      | Noticed Natasha
  1672 | D:2      | Killed Natasha
  1673 | D:2      | Reached XP level 4. HP: 21/27 MP: 0/7
  1836 | D:2      | Found the +8 whip "Snakebite" {venom, curare, rPois}
  1845 | D:2      | Found a runed translucent door.
  1846 | D:2      | Noticed Crazy Yiuf
  1868 | D:2      | Noticed Natasha
  1879 | D:2      | Killed Natasha
  1880 | D:2      | Reached skill level 5 in Conjurations
  2008 | D:2      | Reached XP level 5. HP: 31/31 MP: 3/9
  2146 | D:2      | Noticed Natasha
  2152 | D:2      | Killed Natasha
  2694 | D:3      | Noticed Jessica
  2696 | D:3      | Killed Jessica
  3535 | D:4      | Noticed Ijyb
  3537 | D:4      | Reached XP level 6. HP: 36/36 MP: 5/10
  3548 | D:4      | Killed Ijyb
  3936 | D:4      | Reached skill level 6 in Conjurations
  4477 | D:5      | Entered Level 5 of the Dungeon
  4725 | D:5      | Reached XP level 7. HP: 41/41 MP: 7/12
  4727 | D:5      | Noticed Edmund
  4730 | D:5      | Learned a level 4 spell: Iskenderun's Mystic Blast
  4735 | D:5      | Learned a level 4 spell: Fulminant Prism
  4744 | D:5      | Killed Edmund
  4745 | D:5      | Reached skill level 1 in Shields
  5410 | D:6      | Found a hide-covered altar of Uskayaw.
  5415 | D:6      | Found a shimmering blue altar of Sif Muna.
  5422 | D:6      | Found an ornate altar of the Wu Jian Council.
  5425 | D:6      | Found a sparkling altar of Nemelex Xobeh.
  5434 | D:6      | Found an iron altar of Okawaru.
  5498 | D:6      | Found a glowing drain.
  5500 | D:6      | Reached skill level 7 in Conjurations
  5576 | Sewer    | Entered a sewer
  5893 | Sewer    | Reached XP level 8. HP: 46/46 MP: 8/14
  6471 | D:6      | Learned a level 3 spell: Teleport Other
  6871 | D:6      | Found a burning altar of Makhleb.
  6963 | D:6      | Reached skill level 8 in Conjurations
  7230 | D:6      | Reached skill level 5 in Shields
  7230 | D:6      | Reached skill level 5 in Translocations
  7320 | D:6      | Reached skill level 1 in Alchemy
  7320 | D:6      | Reached XP level 9. HP: 51/51 MP: 5/15
  7819 | D:6      | Became a worshipper of Sif Muna the Loreminder
  8337 | D:7      | Found a stormy altar of Qazlal.
  8515 | D:7      | Reached skill level 9 in Conjurations
  8628 | D:7      | Noticed Joseph
  8922 | D:7      | Reached skill level 5 in Alchemy
  9190 | D:7      | Found a staircase to the Ecumenical Temple.
  9199 | Temple   | Entered the Ecumenical Temple
  9573 | D:8      | Noticed Psyche
  9576 | D:8      | Killed Psyche
  9813 | D:8      | Reached skill level 10 in Conjurations
  9813 | D:8      | Reached XP level 10. HP: 54/56 MP: 3/16
  9936 | D:8      | Reached * piety under Sif Muna
  9938 | D:8      | Reached skill level 1 in Fighting
  9938 | D:8      | Reached skill level 1 in Maces & Flails
 10200 | D:8      | Noticed Amaemon
 10222 | D:8      | Killed Amaemon
 10416 | D:8      | Noticed an orange demon
 10424 | D:8      | Killed an orange demon
 10620 | D:8      | Learned a level 3 spell: Mephitic Cloud
 10730 | D:8      | Mangled by a wyvern

Illustrated notes

Levels and vault maps discovered:
D:1:      sevenhm_arrival_forest_fort_small_3, layout_basic
D:2:      layout_basic, grunt_decor_arrowhead, uniq_crazy_yiuf_cottage,
          uniq_natasha
D:3:      layout_loops_corners, dreamdust_princess_bridge,
          kennysheep_orc_chapel, uniq_jessica
D:4:      layout_loops_cross, minmay_misc_feat_encased, uniq_ijyb
D:5:      layout_cave_pools, uniq_edmund
D:6:      layout_rooms, nicolae_overflow_hallway_of_the_gods,
          lightli_temple_of_fire, gup_sewer_entry_bubbles, minmay_starry_boxes
D:7:      cheibrodos_two_vegetables, layout_basic,
          nicolae_qazlal_general_emergency, minmay_temple_entry_antechambers,
          uniq_joseph
D:8:      layout_loops_ring, minmay_lair_entry_grove, minmay_microvault,
          uniq_psyche, uniq_amaemon
Temple:   regret_index_temple_waves

Skill      XL: |  1  2  3  4  5  6  7  8  9 10 |
---------------+-------------------------------+-----
Translocations | 1 2 3 5 6 |  6.0
Conjurations   | 5 6 7 8 10 | 10.0
Spellcasting   | 3 4 |  4.0
Shields        | 3 5 |  5.0
Alchemy        | 1 6 |  6.0
Fighting       | 3 |  3.6
Maces & Flails | 2 |  2.0
Dodging        | 4 |  4.2
Invocations    | 3 |  3.8
Stealth        | |  2.6

Action                     |  1- 3 |  4- 6 |  7- 9 | 10-12 || total
---------------------------+-------+-------+-------+-------++-------
  Melee: Short sword       |     5 |     3 |       |       ||     8
         Constrict         |     1 |     4 |     9 |     4 ||    18
         Tentacles         |     1 |     2 |    14 |     6 ||    23
         Whip              |       |    10 |    53 |    17 ||    80
         Punch             |       |       |     2 |       ||     2
   Cast: Magic Dart        |    46 |    32 |    60 |    17 ||   155
         Searing Ray       |     8 |    18 |    54 |    12 ||    92
         Iskenderun's Myst |       |       |     4 |     3 ||     7
         Teleport Other    |       |       |     2 |       ||     2
         Fulminant Prism   |       |       |     2 |     8 ||    10
    Use: Scroll            |     7 |     5 |     9 |     2 ||    23
   Stab: Sleeping          |       |       |     4 |       ||     4
 Armour: Skin              |     5 |    17 |    43 |    19 ||    84
  Dodge: Dodged            |    11 |     8 |    48 |    19 ||    86
  Block: Buckler           |       |     2 |    20 |    10 ||    32
